 Seeded DCSS version 0.30-a0-149-g7f746667c4 (webtiles) character file.

Game seed: 3109386364607141202 (custom seed)

3549 purpskrrrp the Blocker (level 10, 0/80 HPs)
             Began as a Formicid Fighter on Sept 26, 2022.
             Was a Follower of Okawaru.
             Slain by an acid dragon (8 damage)
             ... on level 8 of the Dungeon.
             The game lasted 00:13:40 (7466 turns).

purpskrrrp the Blocker (Formicid Fighter)           Turns: 7466, Time: 00:13:40

Health: 0/80       AC: 20    Str: 24    XL:     10   Next: 30%
Magic:  8/10       EV:  9    Int:  9    God:    Okawaru [*.....]
Gold:   362        SH:  7    Dex: 13    Spells: 2/9 levels left

rFire   . . .      SeeInvis +    n - +2 spear (distort)
rCold   . . .      Faith    .    c - +0 buckler
rNeg    . . .      Spirit   .    q - +1 plate armour
rPois   .          Reflect  .    (helmet unavailable)
rElec   .          Harm     .    (no cloak)
rCorr   .          Rampage  .    j - +2 pair of gloves
Will    +....                    (no boots)
Stlth   ..........               m - amulet of the acrobat
HPRegen 0.23/turn                h - +4 ring of protection
MPRegen 0.12/turn                u - +4 ring of protection

@: heroic, corroded
A: permanent stasis, dig shafts and tunnels, antennae 3, four strong arms
a: Dig, Shaft Self, Renounce Religion, Heroism


You were on level 8 of the Dungeon.
You worshipped Okawaru.
Okawaru was aware of your devotion.
You visited 2 branches of the dungeon, and saw 9 of its levels.
You also visited: Sewer.

You collected 362 gold pieces.

Inventory:

Hand Weapons
 a - a +0 flail
 n - a +2 spear of distortion (weapon)
Missiles
 y - 14 poisoned darts
Armour
 b - a +0 scale mail
 c - a +0 buckler (worn)
 j - a +2 pair of gloves (worn)
 q - a +1 plate armour (worn)
Jewellery
 h - a +4 ring of protection (left hand)
 m - an amulet of the acrobat (around neck)
 u - a +4 ring of protection (right hand)
Wands
 i - a wand of quicksilver (17)
 v - a wand of flame (36)
Scrolls
 g - 2 scrolls of immolation
 r - 4 scrolls of teleportation
 t - 3 scrolls of fog
 x - a scroll of magic mapping
 A - a scroll of identify
Potions
 d - a potion of might
 e - 4 potions of degeneration
 f - 4 potions of magic
 k - 2 potions of haste
 l - 3 potions of curing
 o - a potion of flight {unknown}
 p - a potion of lignification {unknown}
 s - a potion of mutation {unknown}
 w - a potion of ambrosia {unknown}
 z - a potion of invisibility {unknown}


   Skills:
 + Level 7.7(12.7) Fighting
 - Level 2.2(7.2) Maces & Flails
 * Level 8.8(13.8) Polearms
 + Level 7.7(12.7) Armour
 + Level 9.1(14.1) Shields


You had 2 spell levels left.
You knew the following spells:

 Your Spells              Type           Power      Damage    Failure   Level
a - Dragon Form           Tmut           0%         N/A       100%        7

Your spell library contained the following spells:

 Spells                   Type           Power      Damage    Failure   Level
 Shock                    Conj/Air       0%         1d3       99%         1
 Ensorcelled Hibernation  Hex/Ice        0%         N/A       99%         2
 Spider Form              Tmut/Pois      0%         N/A       100%        3
 Airstrike                Air            0%         2d(0-16)  100%        4
 Anguish                  Hex/Necr       0%         N/A       100%        4
 Cause Fear               Hex            0%         N/A       100%        4
 Swiftness                Air            Unusable   N/A       N/A         3
 Animate Dead             Necr           Unusable   N/A       N/A         4
 Haunt                    Necr/Summ      Unusable   N/A       N/A         7
 Infestation              Necr           Unusable   N/A       N/A         8
 Dragon's Call            Summ           Unusable   N/A       N/A         9

Dungeon Overview and Level Annotations

Branches:
Dungeon (8/15)             Temple (1/1) D:6           Sewer (visited)
   Lair: D:8-11

Altars:
Ashenzari
Dithmenos
Elyvilon
Fedhas
Gozag
Hepliaklqana
Makhleb
Nemelex Xobeh
Okawaru
Qazlal
Ru
Sif Muna
Uskayaw
Wu Jian
Xom
Yredelemnul
Zin
The Shining One


Innate Abilities, Weirdness & Mutations

You cannot be hasted, slowed, berserked, paralysed or teleported.
You can dig through walls and to a lower floor.
You have a pair of large antennae on your head. (SInv)
Your four strong arms can wield two-handed weapons with a shield.


Message History

The yak gores you. The yak gores you! The acid dragon bites you.
You block the acid dragon's attack.
You are too injured to fight recklessly!
You are too injured to fight recklessly!
You are too injured to fight recklessly!
You are too injured to fight recklessly!
You are too injured to fight recklessly!
You are too injured to fight recklessly!
You are too injured to fight recklessly!
You are too injured to fight recklessly!
You are too injured to fight recklessly!
You are too injured to fight recklessly!
You are too injured to fight recklessly!
You are too injured to fight recklessly!
You are too injured to fight recklessly!
You are too injured to fight recklessly!
You are too injured to fight recklessly!
Okay, then.
You gain the combat prowess of a mighty hero.
The yak completely misses you. The yak gores you.
The acid dragon spits acid at you. The splash of acid hits you!
* * * LOW HITPOINT WARNING * * *
The acid corrodes you! The yak attacks as you move away! The yak gores you.
* * * LOW HITPOINT WARNING * * *
You feel better. The yak gores you.
* * * LOW HITPOINT WARNING * * *
The yak gores you!
* * * LOW HITPOINT WARNING * * *
The acid dragon bites you but does no damage.
The acid dragon claws you but does no damage.
You hit the acid dragon but do no damage.
Space warps horribly around the acid dragon.
The acid dragon is lightly wounded.
You hit the acid dragon but do no damage.
The acid dragon is lightly wounded.
You block the yak's attack. The yak barely misses you.
The acid dragon bites you!
You die...

## # .# ## #..
##.###... ###..
##........
.....#
##...!.....
......# ##YD.#
#......###.@Y##
##.........###
#..........#
..####....#
##...# ##
###.## ###..
#..## >....
#...## ..
.....#
##...#...#


You could see 2 yaks and an acid dragon (catching breath).

Vanquished Creatures
  A wyvern (D:5)
  4 yaks
  Menkaure (D:7)
  2 sky beasts (D:7)
  An orc warrior (D:7)
  A water moccasin (D:6)
  An ice beast (D:6)
  Pargi (Sewer)
  A black bear (D:7)
  A centaur (D:5)
  A phantom (D:7)
  2 kobold brigands (D:7)
  A bullfrog (D:7)
  2 gnoll sergeants
  3 scorpions
  3 necrophages
  A howler monkey (D:4)
  3 orc priests
  A jelly (D:4)
  3 hounds
  Terence (D:3)
  3 iguanas
  An orc wizard (D:6)
  Robin (D:3)
  12 gnolls
  7 adders
  3 shadow imps
  An ufetubus (D:4)
  3 worms
  13 dart slugs
  27 orcs
  4 endoplasms
  4 giant cockroaches
  20 goblins
  11 hobgoblins
  A jackal (Sewer)
  16 kobolds
  13 quokkas
  7 bats
  3 frilled lizards
  4 rats
189 creatures vanquished.

Vanquished Creatures (others)
  A plant (D:6)
1 creature vanquished.

Grand Total: 190 creatures vanquished

Notes
Turn   | Place    | Note
-------+----------+-------------------------------------------
     0 | D:1      | purpskrrrp the Formicid Fighter began the quest for the
                  | Orb.
     0 | D:1      | Reached XP level 1. HP: 18/18 MP: 1/1
    17 | D:1      | You fall into a shaft and drop 1 floor!
   119 | D:2      | Reached XP level 2. HP: 20/24 MP: 2/2
   719 | D:1      | Reached XP level 3. HP: 29/29 MP: 3/3
  1377 | D:2      | Reached skill level 1 in Polearms
  1576 | D:3      | Reached XP level 4. HP: 31/37 MP: 4/4
  1634 | D:3      | Noticed Terence
  1659 | D:3      | Killed Terence
  2115 | D:3      | Noticed Robin
  2119 | D:3      | Reached XP level 5. HP: 36/42 MP: 5/5
  2122 | D:3      | Killed Robin
  2314 | D:3      | Reached skill level 5 in Shields
  2752 | D:3      | Found a faded altar of an unknown god.
  2925 | D:4      | Reached XP level 6. HP: 43/48 MP: 6/6
  2946 | D:4      | Found a glowing drain.
  2980 | Sewer    | Entered a sewer
  3037 | Sewer    | Noticed Pargi
  3045 | Sewer    | Killed Pargi
  3234 | D:4      | Reached XP level 7. HP: 54/55 MP: 7/7
  3455 | D:4      | Reached skill level 5 in Armour
  3569 | D:4      | Reached skill level 5 in Fighting
  3569 | D:4      | Reached skill level 6 in Shields
  3610 | D:4      | Found a broken altar of Ashenzari.
  3746 | D:4      | Found a shimmering altar of Xom.
  3801 | D:5      | Entered Level 5 of the Dungeon
  3838 | D:5      | Reached XP level 8. HP: 33/62 MP: 8/8
  4056 | D:5      | Reached skill level 5 in Polearms
  4103 | D:5      | Noticed a wyvern
  4109 | D:5      | Killed a wyvern
  4800 | D:6      | Reached skill level 7 in Shields
  4943 | D:6      | Noticed a yak
  4943 | D:6      | Noticed a yak
  4945 | D:6      | Noticed a yak
  4947 | D:6      | Noticed a yak
  4950 | D:6      | Reached XP level 9. HP: 69/69 MP: 9/9
  4980 | D:6      | Reached skill level 8 in Shields
  5300 | D:6      | Found a staircase to the Ecumenical Temple.
  5453 | Temple   | Entered the Ecumenical Temple
  5756 | Temple   | Became a worshipper of Warmaster Okawaru
  5790 | D:6      | Found a basalt altar of Yredelemnul.
  6193 | D:7      | Noticed Menkaure
  6202 | D:7      | Killed Menkaure
  6203 | D:7      | Reached XP level 10. HP: 69/79 MP: 10/10
  6211 | D:7      | Learned a level 7 spell: Dragon Form
  6216 | D:7      | Reached * piety under Okawaru
  6603 | D:7      | Found a blossoming altar of Fedhas.
  7247 | D:7      | Reached skill level 9 in Shields
  7375 | D:8      | Found a sparkling altar of Nemelex Xobeh.
  7421 | D:8      | Identified the +6 short sword "Yreurer" {elec, Dex+3}
  7466 | D:8      | Slain by an acid dragon

Illustrated notes

Levels and vault maps discovered:
D:1:      dpeg_arrival_tiny_a, layout_loops_cross, feat_on_display
D:2:      layout_basic, minmay_three_crescents
D:3:      layout_basic, shapermc_ecumenical_altar_venn,
          hangedman_abyss_or_decor_stabs, uniq_terence, uniq_robin
D:4:      layout_rooms, tgw_xom, nicolae_overflow_crystal_walls,
          portal_sewer_entry_f, serial_glass, glass_columns_c, glass_columns_c,
          minmay_goblin_outpost
D:5:      kennysheep_slugbush, layout_cave_pools
D:6:      layout_rooms, mainiacjoe_overflow_alcove_1,
          minmay_temple_entry_gardened_gates
D:7:      layout_basic, fedhas_altar_2, grunt_ministairs_15,
          nicolae_elevator_lobby_plus, uniq_menkaure
D:8:      layout_layer_cave, mainiacjoe_overflow_tiny_flanked,
          mainiacjoe_overflow_catch_the_wave, uniq_joseph
Temple:   compressed_dpeg_triangle_lava_temple

Skill      XL: |  1  2  3  4  5  6  7  8  9 10 |
---------------+-------------------------------+-----
Polearms       | 1 2 3 4 6 8 |  8.8
Armour         | 4 5 6 7 |  7.7
Fighting       | 4 5 6 7 |  7.7
Shields        | 5 6 7 8 9 |  9.1
Maces & Flails | |  2.2

Action                   |  1- 3 |  4- 6 |  7- 9 | 10-12 || total
-------------------------+-------+-------+-------+-------++-------
Melee: Flail             |    27 |       |       |       ||    27
       Spear             |    62 |   173 |   286 |    81 ||   602
Invok: Heroism           |       |       |       |     1 ||     1
 Abil: Dig               |       |     1 |       |       ||     1
  Use: Scroll            |     6 |     5 |     4 |       ||    15
       Potion            |       |     1 |       |     1 ||     2
Armor: Scale mail        |    21 |       |       |       ||    21
       Plate armour      |     8 |    78 |    96 |    26 ||   208
Dodge: Dodged            |    25 |    41 |    73 |    11 ||   150
Block: Buckler           |    21 |    30 |    54 |    10 ||   115

Table legend: (Time is in decaauts)
 A = Elapsed time spent in this place.
 B = Non-inter-level travel time spent in this place.
 C = Inter-level travel time spent in this place.
 D = Time resting spent in this place.
 E = Time spent auto-exploring this place.
 F = Levels seen in this place.
 G = Mean time per level.
                   A        B        C        D        E       F      G
               +--------+--------+--------+--------+--------+-----+--------+
         Total |   7435 |   7084 |    351 |    695 |   5113 |  10 |  743.5 |
       Dungeon |   6907 |   6561 |    346 |    695 |   4697 |   8 |  863.4 |
        Temple |    309 |    304 |      5 |      0 |    258 |   1 |  309.0 |
         Sewer |    218 |    218 |      0 |      0 |    157 |   1 |  218.0 |
               +--------+--------+--------+--------+--------+-----+--------+

Top non-repeatable levels by time:
     D:7: 1360 daAuts
     D:3: 1341 daAuts
     D:5: 981 daAuts
     D:6: 864 daAuts
     D:2: 814 daAuts
     D:1: 737 daAuts
     D:4: 710 daAuts
  Temple: 309 daAuts
   Sewer: 218 daAuts
     D:8: 98 daAuts
